 Dungeon Crawl Stone Soup version 0.27.0-1-g7a089689b8 (webtiles) character file.

Game seed: 981913814723073855

389 Sin92 the Chopper (level 6, -3/48 HPs)
             Began as a Demonspawn Fighter on Aug 10, 2021.
             Was a Follower of Okawaru.
             Slain by Prince Ribbit (7 damage)
             ... on level 5 of the Dungeon.
             The game lasted 00:04:29 (4442 turns).

Sin92 the Chopper (Demonspawn Fighter)              Turns: 4442, Time: 00:04:29

Health: -3/48      AC: 12    Str: 19    XL:     6   Next: 49%
Magic:  7/7        EV:  5    Int:  9    God:    Okawaru [*.....]
Gold:   98         SH:  9    Dex: 12    Spells: 5/5 levels left

rFire    . . .     SeeInvis .   a - +0 war axe
rCold    . . .     Faith    .   c - +0 kite shield
rNeg     . . .     Spirit   .   i - +0 chain mail
rPois    .         Reflect  .   (no helmet)
rElec    .         Harm     .   (no cloak)
rCorr    .         Rampage  .   (no gloves)
Will     .....                  (no boots)
Stlth    ..........             (no amulet)
HPRegen  0.16/turn              (no ring)
MPRegen  0.10/turn              (no ring)

@: mighty
A: talons 1, slimy green scales 2, powered by pain 1
a: Renounce Religion, Heroism


You were on level 5 of the Dungeon.
You worshipped Okawaru.
Okawaru was aware of your devotion.
You visited 2 branches of the dungeon, and saw 6 of its levels.

You collected 208 gold pieces.
You spent 110 gold pieces at shops.

Inventory:

Hand Weapons
 a - a +0 war axe (weapon)
Armour
 b - a +0 scale mail
 c - a +0 kite shield (worn)
 i - a +0 chain mail (worn)
Jewellery
 q - a ring of ice
Scrolls
 h - 3 scrolls of identify {unknown}
 k - a scroll of blinking {unknown}
 l - a scroll of vulnerability {unknown}
 m - a scroll of torment {unknown}
 n - a scroll of enchant weapon {unknown}
 p - a scroll of teleportation {unknown}
 r - a scroll of silence {unknown}
Potions
 e - 3 potions of curing {unknown}
 f - 2 potions of brilliance {unknown}
 g - 2 potions of heal wounds {unknown}
 j - a potion of haste {unknown}
 o - 2 potions of cancellation {unknown}
 s - a potion of flight {unknown}


   Skills:
 + Level 3.8 Fighting
 * Level 3.9 Axes
 + Level 3.5 Armour
 + Level 2.2 Dodging
 + Level 3.6 Shields
 + Level 1.6 Invocations


You had 5 spell levels left.
You didn't know any spells.
Your spell library contained the following spells:

 Spells                   Type           Power      Damage    Failure   Level
 Pain                     Necr           0%         1d4       100%        1
 Corpse Rot               Necr/Air       N/A        N/A       100%        2
 Poisonous Vapours        Pois/Air       0%         N/A       100%        2
 Portal Projectile        Hex/Tloc       0%         N/A       100%        3
 Animate Dead             Necr           0%         N/A       100%        4
 Fulminant Prism          Conj/Hex       0%         3d6       100%        4
 Iskenderun's Mystic Bla  Conj/Tloc      0%         2d3       100%        4
 Agony                    Necr           0%         N/A       100%        5
 Excruciating Wounds      Necr           0%         N/A       100%        5
 Freezing Cloud           Conj/Ice/Air   0%         6-21      100%        5
 Lee's Rapid Deconstruct  Erth           0%         3d5*      100%        5
 Borgnjor's Revivificati  Necr           0%         N/A       100%        8


Dungeon Overview and Level Annotations

Branches:
Dungeon (5/15)             Temple (1/1) D:4

Altars:
Ashenzari
Cheibriados
Dithmenos
Elyvilon
Fedhas
Gozag
Kikubaaqudgha
Makhleb
Nemelex Xobeh
Okawaru
Qazlal
Trog
Uskayaw
Vehumet
Xom
Yredelemnul
Zin
The Shining One

Shops:
D:3 *   D:4 [

Annotations:
D:5 Prince Ribbit


Innate Abilities, Weirdness & Mutations

You have sharp toenails.
You are mostly covered in slimy green scales. (AC +3)
You sometimes gain a little power by taking damage.


Message History

Unknown command.
You slash Prince Ribbit!
Prince Ribbit is heavily wounded.
You block Prince Ribbit's attack. x2
Unknown command.
You barely miss Prince Ribbit. Your kick misses Prince Ribbit.
Prince Ribbit is heavily wounded.
You block Prince Ribbit's attack. Prince Ribbit hits you.
Prince Ribbit completely misses you.
Unknown command.
You hit Prince Ribbit. Your kick misses Prince Ribbit.
Prince Ribbit is heavily wounded.
Prince Ribbit completely misses you. Prince Ribbit hits you!
You focus on the pain.
You feel very mighty all of a sudden.
Unknown command.
You are too injured to fight recklessly!
Unknown command.
You are too injured to fight recklessly!
You are too injured to fight recklessly!
Unknown command.
You feel mightier all of a sudden.
Prince Ribbit hits you but does no damage.
You miss Prince Ribbit. Your kick misses Prince Ribbit.
Prince Ribbit is heavily wounded.
Prince Ribbit blinks!
Prince Ribbit hits you!
You miss Prince Ribbit. Your kick misses Prince Ribbit.
Prince Ribbit is heavily wounded.
Prince Ribbit hits you!
* * * LOW HITPOINT WARNING * * *
You block Prince Ribbit's attack.
You miss Prince Ribbit.
Prince Ribbit is heavily wounded.
Prince Ribbit hits you but does no damage.
Prince Ribbit barely misses you.
You barely miss Prince Ribbit. Your kick misses Prince Ribbit.
Prince Ribbit is heavily wounded.
Prince Ribbit hits you!
You die...

.. ... .. .. .
.#.. [# #. .#.#..#
#.# ....... #.#
....... #.#
###.......
#.###.........
#.##.@#.......
####.$.F##.......
##.....$.#######..
#.........# .
#.........(#
#..........#
...)........#
#.#.........# #
##.......##


You could see Prince Ribbit.

Vanquished Creatures
  2 scorpions (D:4)
  A centaur skeleton (D:4)
  A bullfrog skeleton (D:4)
  An orc wizard (D:4)
  A hound skeleton (D:4)
  7 adders
  An ufetubus (D:4)
  An adder skeleton (D:4)
  2 worms
  2 dart slugs
  5 orcs
  7 endoplasms
  3 giant cockroaches (D:3)
  6 goblins
  10 hobgoblins
  11 jackals
  4 quokkas
  9 ball pythons
  4 bats
  6 frilled lizards
  6 kobolds
  9 rats
99 creatures vanquished.

Notes
Turn   | Place    | Note
-------+----------+-------------------------------------------
     0 | D:1      | Sin92 the Demonspawn Fighter began the quest for the Orb.
     0 | D:1      | Reached XP level 1. HP: 18/18 MP: 1/1
   621 | D:1      | Gained mutation: You are partially covered in slimy green
                  | scales. (AC +2) [demonic ancestry]
   621 | D:1      | Reached XP level 2. HP: 24/24 MP: 2/2
  1089 | D:2      | Reached skill level 1 in Dodging
  1155 | D:2      | Gained mutation: You sometimes gain a little power by
                  | taking damage. [demonic ancestry]
  1155 | D:2      | Reached XP level 3. HP: 29/29 MP: 3/3
  1758 | D:2      | Gained mutation: You are mostly covered in slimy green
                  | scales. (AC +3) [demonic ancestry]
  1758 | D:2      | Reached XP level 4. HP: 35/35 MP: 4/4
  2702 | D:3      | Found a shadowy altar of Dithmenos.
  2807 | D:3      | Found Niotzog's Assorted Antiques.
  2813 | D:3      | Bought a tubular silver ring for 110 gold pieces
  3087 | D:4      | Reached XP level 5. HP: 40/41 MP: 5/5
  3273 | D:4      | Found a staircase to the Ecumenical Temple.
  3298 | Temple   | Entered the Ecumenical Temple
  3551 | Temple   | Became a worshipper of Warmaster Okawaru
  3706 | D:4      | Found Mogad's Armour Boutique.
  3713 | D:4      | Reached skill level 1 in Invocations
  3713 | D:4      | Gained mutation: You have sharp toenails. [demonic
                  | ancestry]
  3713 | D:4      | Reached XP level 6. HP: 35/48 MP: 6/6
  3818 | D:4      | Reached * piety under Okawaru
  4214 | D:4      | Got the Catalogue of Ensnaring Stolen Souls
  4420 | D:5      | Entered Level 5 of the Dungeon
  4424 | D:5      | Noticed Prince Ribbit
  4442 | D:5      | Slain by Prince Ribbit

Illustrated notes

Levels and vault maps discovered:
D:1:      lemuel_arrival_broad_hall, layout_loops_ring
D:2:      layout_loops_corners, st_stairs_4
D:3:      minmay_inner_zag, layout_basic, mainiacjoe_overflow_brackets,
          serial_shops, nicolae_shop_stone
D:4:      layout_loops_ring, minmay_temple_entry_stoned_glass, serial_shops,
          shop, hangedman_abyss_or_decor_lesser_grid
D:5:      layout_rooms, nicolae_hepliaklqana_ecumenical_no_more,
          uniq_crazy_yiuf_cottage, uniq_prince_ribbit1
Temple:   hc_temple_tempest_star

Skill      XL: |  1  2  3  4  5 |
---------------+----------------+-----
Axes           | 2 3 |  3.9
Dodging        | 1 2 |  2.2
Armour         | 3 |  3.5
Shields        | 3 |  3.6
Invocations    | 1 |  1.6
Fighting       | |  3.8

Action                   |  1- 3 |  4- 6 || total
-------------------------+-------+-------++-------
Melee: War axe           |   114 |   198 ||   312
       Kick              |       |    11 ||    11
  Use: Potion            |       |     1 ||     1
Armor: Scale mail        |    23 |       ||    23
       Chain mail        |    39 |   121 ||   160
Dodge: Dodged            |    35 |    52 ||    87
Block: Kite shield       |    62 |   113 ||   175
